 Dungeon Crawl Stone Soup version 0.18-a0-965-g9200175 (webtiles) character file.

171 Ishamoridin the Ducker (level 5, -1/44 HPs)
             Began as a Draconian Wanderer on Jan 1, 2016.
             Was an Initiate of Ru.
             Slain by an orc
             ... wielding a +0 flail
              (7 damage)
             ... on level 3 of the Dungeon.
             The game lasted 00:26:47 (3060 turns).

Ishamoridin the Ducker (Draconian Wanderer)         Turns: 3060, Time: 00:26:53

Health: -1/44      AC:  7    Str: 18    XL:     5   Next: 26%
Magic:  5/5        EV: 13    Int: 11    God:    Ru [......]
Gold:   100        SH:  0    Dex:  9    Spells: 0 memorised, 4 levels left

rFire  . . .     SeeInvis .     q - -2 hunting sling (curse)
rCold  . . .     Gourm    .     (armour unavailable)
rNeg   . . .     Faith    .     (no shield)
rPois  .         Spirit   .     (helmet restricted)
rElec  .         Dismiss  +     l - +0 cloak
rCorr  .         Reflect  .     (no gloves)
SustAt .         Harm     .     e - +0 pair of boots
MR     .....                    r - amulet of dismissal
Stlth  +.........               (no ring)
                                (no ring)

@: not resistant to hostile enchantments, very unstealthy
A: unfitting armour, cold-blooded, AC +5
a: Renounce Religion


You were on level 3 of the Dungeon.
You worshipped Ru.
Ru was noncommittal.
You were not hungry.

You visited 1 branch of the dungeon, and saw 3 of its levels.

You collected 100 gold pieces.

Inventory:

Hand Weapons
 a - a +0 mace
 b - a +0 dagger
 i - a +3 dagger
 j - a +0 dagger
 m - a +0 short sword
 p - a +0 dagger
 q - a cursed -2 hunting sling (weapon)
 s - a +0 club
 t - a +0 hunting sling
 u - a +0 dagger
 x - a +0 long sword
 y - a +0 short sword
 z - a +0 club
 D - a cursed -2 club
Missiles
 d - 102 stones (quivered)
 h - 34 arrows
 w - 19 bolts
Armour
 e - a +0 pair of boots (worn)
 f - a +0 robe
 g - a +0 leather armour
 l - a +0 cloak (worn)
 o - a +0 leather armour
 B - a +0 ring mail
Jewellery
 r - an amulet of dismissal (around neck)
Wands
 A - a wand of digging (9/24)
Scrolls
 k - 3 scrolls of identify
 n - a scroll of blinking
Potions
 v - 2 potions of curing
Comestibles
 c - 2 bread rations
 C - 2 chunks of flesh


   Skills:
 + Level 2.9 Fighting
 + Level 2.3 Maces & Flails
 + Level 2.0(2.1) Slings
 + Level 1.0(1.6) Throwing
 + Level 4.3 Dodging
 + Level 1.3 Stealth
   Level 1.0 Shields
 + Level 0.2 Evocations


You had 4 spell levels left.
You didn't know any spells.

Dungeon Overview and Level Annotations

Branches:
Dungeon (3/15)

Altars:
Nemelex Xobeh
Ru


Innate Abilities, Weirdness & Mutations

Your plain brown scales are hard (AC +5).
Your body does not fit into most forms of armour.
You are cold-blooded and may be slowed by cold attacks.


Message History

You shoot a stone. The stone hits the orc priest.
The orc priest is lightly wounded.
The orc priest calls down the wrath of Beogh upon you.
You barely resist. The orc hits you with a flail.
Firing (i - inventory):
d - 104 stones (quivered)
Press: ? - help, Shift-Dir - straight line, f/p - orc priest
Aim: an orc priest, wielding a falchion (lightly wounded)
You shoot a stone. The stone hits the orc priest!
The orc priest is heavily wounded.
The orc priest closely misses you. The orc hits you but does no damage.
Firing (i - inventory):
d - 103 stones (quivered)
Press: ? - help, Shift-Dir - straight line, f/p - orc priest
Aim: an orc priest, wielding a falchion (heavily wounded)
You shoot a stone.
The stone closely misses the orc priest.
The orc priest mumbles some strange prayers to Beogh against you.
Pain shoots through your body!
* * * LOW HITPOINT WARNING * * *
The orc hits you with a flail!
You die...

### .. #(. #### #.
##.. ...####.####
#... ##.#.......##
#..#
##.#........###(.##
##.#.........# .(.
##.#.........###o####
##.#.....(.....o@)..#
...#.........#####..#
####............ .#
.(............## #
####..........#
#..........#
########.#... #.####
.#


You could see an orc priest and an orc.

Vanquished Creatures
  4 adders
  2 oozes (D:2)
  4 worms
  2 giant geckos
  2 orcs (D:3)
  6 bats
  9 giant cockroaches
  16 goblins
  6 hobgoblins
  8 kobolds
  2 ball pythons
  5 giant newts
  7 rats
73 creatures vanquished.

Vanquished Creatures (collateral kills)
  A scorpion (D:3)
  An ooze (D:2)
  A giant gecko (D:3)
  An orc (D:3)
  A giant cockroach (D:3)
  A quokka (D:3)
  A giant newt (D:3)
7 creatures vanquished.

Grand Total: 80 creatures vanquished

Notes
Turn   | Place    | Note
--------------------------------------------------------------
     0 | D:1      | Ishamoridin the Draconian Wanderer began the quest for the Orb.
     0 | D:1      | Ishamoridin set off with: a +0 mace, a potion of lignification, a bread ration
     0 | D:1      | Reached XP level 1. HP: 17/17 MP: 1/1
   450 | D:1      | Reached skill level 3 in Dodging
   456 | D:1      | Reached XP level 2. HP: 23/25 MP: 2/2
   812 | D:1      | Reached XP level 3. HP: 28/30 MP: 3/3
   982 | D:1      | Found a sparkling altar of Nemelex Xobeh.
   986 | D:1      | Became a worshipper of Nemelex Xobeh the Trickster
  1389 | D:2      | Received a gift from Nemelex Xobeh
  1396 | D:2      | Noticed a green very ugly thing
  1660 | D:2      | Reached skill level 4 in Dodging
  1662 | D:2      | Reached XP level 4. HP: 24/37 MP: 4/4
  2107 | D:2      | Reached * piety under Nemelex Xobeh
  2120 | D:2      | Reached skill level 1 in Slings
  2428 | D:3      | Received a gift from Nemelex Xobeh
  2475 | D:3      | Found a sacrificial altar of Ru.
  2481 | D:3      | Fell from the grace of Nemelex Xobeh
  2481 | D:3      | Became a worshipper of Ru the Awakened
  2585 | D:3      | Reached XP level 5. HP: 44/44 MP: 5/5
  2637 | D:3      | Noticed a vampire mosquito
  3060 | D:3      | Slain by an orc

Vault maps used:
D:1:      scummos_arrival_checkerplants, nemelex_diamond_rough_becter
D:2:      kennysheep_the_goblin_king
D:3:      marbit_many_paths, gammafunk_temple_overflow_wave

Action                   |  1- 3 |  4- 6 || total
-------------------------+-------+-------++-------
Melee: Mace              |    87 |       ||    87
       Dagger            |    57 |    11 ||    68
       Short sword       |     9 |       ||     9
 Fire: Hunting sling     |       |   185 ||   185
Evoke: Deck              |     5 |    20 ||    25
       Wand              |       |     1 ||     1
  Use: Scroll            |     3 |     2 ||     5
       Potion            |     1 |     4 ||     5
 Stab: Sleeping          |     2 |       ||     2
  Eat: Chunk             |     3 |     1 ||     4
       Bread ration      |       |     1 ||     1
